 Dungeon Crawl Stone Soup version 0.29.0-11-gd7f09526c8 (webtiles) character file.

Game seed: 10822333772273586103

102187 Leibowitz the Impaler (level 15, -15/137 HPs)
             Began as a Demonspawn Gladiator on Sept 5, 2022.
             Was the Champion of Jiyva.
             Killed from afar by a deep elf annihilator (18 damage)
             ... with a poison arrow
             ... while paralysed by a vampire knight
             ... on level 1 of the Depths.
             The game lasted 01:22:10 (23857 turns).

Leibowitz the Impaler (Demonspawn Gladiator)       Turns: 23857, Time: 01:22:12

Health: -15/137    AC: 51    Str: 24    XL:     15   Next: 85%
Magic:  15/15      EV:  2    Int: 13    God:    Jiyva [******]
Gold:   3013       SH:  0    Dex: 13    Spells: 14/14 levels left

rFire   + . .      SeeInvis .   a - +3 trident (protect)
rCold   . . .      Faith    +   (no shield)
rNeg    . . .      Spirit   .   c - +13 crystal plate armour "Obytedeo" {+Inv Int+4 Dex-4}
rPois   .          Reflect  .   (helmet unavailable)
rElec   .          Harm     .   y - scarf {repulsion}
rCorr   +          Rampage  .   (gloves unavailable)
Will    +....                   (boots unavailable)
Stlth   ..........              I - amulet of faith
HPRegen 1.92/turn               B - ring of protection from fire
MPRegen 0.64/turn               v - +6 ring of strength

@: paralysed, lethally poisoned (-15 -> -21), sanguine armoured, repel missiles
A: ignite blood 1, sanguine armour 3, demonic magic 1, corrupting presence 1,
demonic touch 3, hooves 3, horns 3, robust 1, weak 1, gelatinous body 3,
tendrils
a: Renounce Religion, Evoke Invisibility, Oozemancy, Slimify


You were on level 1 of the Depths.
You worshipped Jiyva.
Jiyva was exalted by your worship.
You visited 5 branches of the dungeon, and saw 24 of its levels.
You also visited: Bailey, Gauntlet and Volcano.

You collected 3117 gold pieces.
You spent 104 gold pieces at shops.

Inventory:

Hand Weapons
 a - a +3 trident of protection (weapon)
 b - a +1 halberd of flaming
Missiles
 d - 3 throwing nets
 x - 31 poisoned darts (quivered)
 J - 12 javelins
 R - a curare-tipped dart
Armour
 c - the +13 crystal plate armour "Obytedeo" (worn) {+Inv Int+4 Dex-4}
   (You acquired it on level 5 of the Lair of Beasts)

   Int:       It affects your intelligence (+4).
   Dex:       It affects your dexterity (-4).
   +Inv:      It lets you turn invisible.
 f - a +3 plate armour of fire resistance
 h - a +2 helmet
 l - the +6 lightning scales {swift, rElec}
   (You found it in a volcano)

   It allows the wearer to cover ground more swiftly.
   rElec:     It insulates you from electricity.
 q - the +2 pair of boots "Jiaju" {rF+ rC+ Int+4 SInv}
   (You found it in a bailey)

   Int:       It affects your intelligence (+4).
   rF:        It protects you from fire.
   rC:        It protects you from cold.
   SInv:      It lets you see invisible.
 y - a scarf of repulsion (worn)
Jewellery
 i - a ring of willpower
 j - a ring of protection from cold
 n - an amulet of reflection
 p - a ring of positive energy
 v - a +6 ring of strength (right hand)
 A - a ring of see invisible
 B - a ring of protection from fire (left hand)
 I - an amulet of faith (around neck)
 O - a +4 ring of protection
 W - a ring of resist corrosion
Wands
 u - a wand of flame (52)
 G - a wand of charming (3)
 K - a wand of roots (17)
 V - a wand of light (12)
Scrolls
 k - 2 scrolls of enchant armour
 m - 9 scrolls of identify
 o - 2 scrolls of brand weapon
 r - a scroll of butterflies
 t - 3 scrolls of teleportation
 z - 5 scrolls of blinking
 D - 3 scrolls of fear
 F - a scroll of enchant weapon
 U - 4 scrolls of poison
 X - a scroll of silence
Potions
 e - 2 potions of ambrosia
 g - 17 potions of curing
 s - 2 potions of might
 w - 3 potions of invisibility
 C - a potion of haste
 H - a potion of brilliance
 L - 2 potions of cancellation
 T - 2 potions of magic
 Z - a potion of resistance
Miscellaneous
 P - a condenser vane (inert)
 Q - a phial of floods


   Skills:
 * Level 13.8 Fighting
 * Level 16.2 Polearms
 - Level 1.7 Throwing
 * Level 14.3 Armour
 * Level 10.2 Dodging
 - Level 0.4 Stealth
 + Level 1.6 Evocations


You had 14 spell levels left.
You didn't know any spells.
Your spell library contained the following spells:

 Spells                   Type           Power      Damage    Failure   Level
 Beastly Appendage        Tmut           0%         N/A       100%        1
 Foxfire                  Conj/Fire      0%         2x1d4     100%        1
 Blink                    Tloc           0%         N/A       100%        2
 Wereblood                Tmut           0%         N/A       100%        2
 Conjure Flame            Conj/Fire      0%         6-21      100%        3
 Dazzling Flash           Conj/Hex       0%         N/A       100%        3
 Gell's Gravitas          Tloc           0%         N/A       100%        3
 Inner Flame              Hex/Fire       0%         N/A       100%        3
 Spider Form              Tmut/Pois      0%         N/A       100%        3
 Teleport Other           Tloc           0%         N/A       100%        3
 Airstrike                Air            0%         2d(0-16)  100%        4
 Flame Wave               Conj/Fire      0%         2d4       100%        4
 Fulminant Prism          Conj/Hex       0%         3d6       100%        4
 Iskenderun's Mystic Bla  Conj/Tloc      0%         2d3       100%        4
 Passage of Golubria      Tloc           0%         N/A       100%        4
 Summon Lightning Spire   Summ/Air       0%         N/A       100%        4
 Agony                    Necr           0%         N/A       100%        5
 Lee's Rapid Deconstruct  Erth           0%         3d5*      100%        5
 Lightning Bolt           Conj/Air       0%         1d11      100%        5
 Manifold Assault         Tloc           0%         N/A       100%        5
 Silence                  Hex/Air        0%         N/A       100%        5
 Summon Forest            Summ/Tloc      0%         N/A       100%        5
 Dispersal                Tloc           0%         N/A       100%        6
 Eringya's Noxious Bog    Tmut/Pois      0%         N/A       100%        6
 Storm Form               Tmut/Air       0%         N/A       100%        7
 Summon Hydra             Summ           0%         N/A       100%        7
 Lehudib's Crystal Spear  Conj/Erth      0%         10d2      100%        8


Dungeon Overview and Level Annotations

Branches:
Dungeon (15/15)            Temple (1/1) D:5            Lair (5/5) D:10
  Swamp (0/4) Lair:2       Spider (0/4) Lair:3        Slime (0/5) Lair:5
    Orc (2/2) D:11            Elf (0/3) Orc:2        Vaults (0/5) D:14
 Depths (1/4) D:15         Bailey (visited)         Volcano (visited)
Gauntlet (visited)

Altars:
Ashenzari
Cheibriados
Dithmenos
Fedhas
Gozag
Hepliaklqana
Kikubaaqudgha
Makhleb
Nemelex Xobeh
Okawaru
Qazlal
Ru
Sif Muna
Trog
Uskayaw
Vehumet
Wu Jian
Xom
Yredelemnul
Jiyva

Shops:
D:6 (?==*   D:10 *   Orc:2 :[*[

Annotations:
D:8 3 runed translucent doors, jonaskbp's ghost, novice DjSu
Lair:4 2 transporters, Odimp's ghost, journeyman KoWn


Innate Abilities, Weirdness & Mutations

Your demonic aura sometimes causes spilled blood to erupt in flames.
When seriously injured, your blood forms very thick armour. (AC +12)
Spells you cast may paralyse adjacent enemies.
Your presence sometimes corrodes those you injure.
Your touch may irresistibly damage your foes and sap their willpower.
You have hooves in place of feet.
You have a pair of large horns on your head.
You are robust. (+10% HP)
You are weak. (Str -2)
Your gelatinous body deflects attacks. (AC +3, EV +3)
You are covered in slimy tendrils that may disarm your opponents.


Message History

You puncture the green ugly thing! You kick the green ugly thing!
You kill the green ugly thing!
Something hits you but does no damage.
Okay, then.
You start resting.
You hear some strange, mumbled words.
Something tries to affect you, but you resist.
You start resting.
A green ugly thing comes into view.
Something hits you but does no damage.
A frost giant comes into view.
It is wielding a +2 battleaxe of freezing.
A green ugly thing comes into view.
The green ugly thing gurgles horribly!
A stone giant comes into view.
Something hits you but does no damage.
The frost giant drinks a potion.
The frost giant seems to speed up.
You hear some strange, mumbled words.
A necromancer comes into view. It is wielding a +0 dagger.
The deep elf annihilator shouts!
The necromancer shouts!
You hear a shout!
You hear some strange, mumbled words.
You suddenly lose the ability to move!
The necromancer gestures wildly while chanting.
The necromancer binds the souls of nearby monsters.
You hear some strange, mumbled words.
You shrug off the repeated paralysis!
The deep elf annihilator mumbles some strange words.
The deep elf annihilator blinks!
Something hits you!!
* * * LOW HITPOINT WARNING * * *
Something bites you but does no damage.
The stone giant throws a large rock.
The large rock hits you but does no damage.
Something hits you!
* * * LOW HITPOINT WARNING * * *
Something bites you but does no damage. Something hits you!!
* * * LOW HITPOINT WARNING * * *
Something completely misses you.
The deep elf annihilator points at you and mumbles some strange words.
The poison arrow hits you!!
You are lethally poisoned!
You die...

..................
.......Z
............uCZ...
.....#..
.......C...u.§.Z.
..## #p.
#...#.....(..p..
#...
#...........p...
.#..
.###..........e....
..#.
..........###.#....
.# #p
......).)u##°C##..#
.. #.
..##.......@......#
.....#####C........
.... #.......## ###
###.##### ##


You could see a frost giant (fast, soul bound), a stone giant (soul bound), a
deep elf annihilator (soul bound), a green ugly thing, 2 necromancers, an ogre
mage simulacrum and a deep troll earth mage simulacrum.

Vanquished Creatures
  Rupert (D:14)
  A fire giant (Depths:1)
  2 orc warlords (Orc:2)
  An ironbound preserver (D:14)
  2 dire elephants
  A deep elf annihilator (Depths:1)
  A minotaur (Gauntlet)
  An ettin (Depths:1)
  A fire dragon (Volcano)
  A spriggan air mage (Depths:1)
  An ogre mage (Depths:1)
  6 hydras
  4 two-headed ogres
  5 boulder beetles
  3 catoblepae
  4 centaur warriors
  A deep troll earth mage (Depths:1)
  A dancing weapon (D:10)
  A deep troll shaman (Lair:5)
  18 death yaks
  3 orc high priests
  A tengu warrior (Gauntlet)
  Urug (Orc:2)
  Lodul (D:11)
  The ghost of kalagan the Thaumaturge, a novice DECj of Sif Muna (D:10)
  4 skeletal warriors (D:15)
  A lindwurm (Volcano)
  4 orc knights
  6 orc sorcerers
  5 deep elf pyromancers
  A wolf spider (D:15)
  4 manticores
  16 ugly things
  Maurice (D:13)
  6 cyclopes
  A worldbinder (Gauntlet)
  30 elephants
  A naga mage (D:15)
  A molten gargoyle (Volcano)
  Maggie (D:10)
  3 black mambas
  4 cane toads
  3 gargoyles
  A torpor snail (Lair:3)
  3 komodo dragons
  A tengu conjurer (Gauntlet)
  3 rime drakes
  4 trolls
  5 polar bears
  A hornet (Lair:4)
  15 dream sheep
  A blink frog (shapeshifter) (D:13)
  9 blink frogs
  7 shadows
  2 fire bats (Volcano)
  A wraith (D:12)
  2 humans (D:9)
  A hog (Lair:4)
  2 wyverns
  2 steam dragons (Volcano)
  14 yaks
  4 basilisks
  7 wargs
  2 vampire mosquitoes (D:14)
  3 acid dragons
  4 hell hounds
  11 water moccasins
  36 orc warriors
  A sky beast (D:6)
  An ice beast (D:6)
  4 black bears
  A boggart (Gauntlet)
  11 wolves
  13 ogres
  12 centaurs
  A kobold brigand (D:8)
  5 bullfrogs
  3 necrophages
  7 scorpions
  4 gnoll sergeants
  3 wights
  5 killer bees (D:11)
  3 howler monkeys (D:10)
  A jelly (D:7)
  5 lava snakes (Volcano)
  12 orc priests
  7 hounds
  Crazy Yiuf (D:6)
  2 gnoll boudas
  4 iguanas
  21 orc wizards
  A boggart simulacrum (D:15)
  Robin (D:4)
  8 adders
  27 gnolls
  3 white imps
  An ufetubus (D:4)
  4 worms
  A dart slug (D:2)
  66 orcs
  5 ball pythons
  6 bats
  7 endoplasms
  3 giant cockroaches
  21 goblins
  6 hobgoblins
  7 jackals
  5 quokkas
  5 frilled lizards
  8 kobolds
  4 rats
612 creatures vanquished.

Vanquished Creatures (collateral kills)
  A deep troll earth mage (Depths:1)
  A necromancer (Depths:1)
  A cane toad (Lair:4)
  A komodo dragon (Lair:4)
  2 yaks (Lair:4)
6 creatures vanquished.

Vanquished Creatures (others)
  Kirke (Lair:4)
  3 slime creatures
  A human (Lair:4)
  A meliai simulacrum (D:14)
  9 jellies
  3 orcs
  A bush (Lair:3)
  57 fungi
  82 plants
  3 toadstools (D:6)
161 creatures vanquished.

Grand Total: 779 creatures vanquished

Notes
Turn   | Place    | Note
-------+----------+-------------------------------------------
     0 | D:1      | Leibowitz the Demonspawn Gladiator began the quest for the
                  | Orb.
     0 | D:1      | Reached XP level 1. HP: 16/16 MP: 1/1
   473 | D:1      | Gained mutation: When seriously injured, your blood forms
                  | armour. (AC +12) [demonic ancestry]
   473 | D:1      | Reached XP level 2. HP: 19/22 MP: 2/2
   564 | D:1      | Reached skill level 3 in Polearms
  1417 | D:2      | Reached skill level 1 in Armour
  1417 | D:2      | Gained mutation: Your demonic aura sometimes causes spilled
                  | blood to erupt in flames. [demonic ancestry]
  1417 | D:2      | Reached XP level 3. HP: 9/27 MP: 3/3
  1634 | D:2      | You fall into a shaft and drop 2 floors!
  1799 | D:4      | Reached XP level 4. HP: 31/34 MP: 4/4
  2060 | D:4      | Reached skill level 4 in Polearms
  2077 | D:4      | Gained mutation: When seriously injured, your blood forms
                  | thick armour. (AC +12) [demonic ancestry]
  2077 | D:4      | Reached XP level 5. HP: 29/39 MP: 5/5
  2157 | D:4      | Noticed Robin
  2201 | D:4      | Killed Robin
  2450 | D:4      | Noticed a black bear
  2483 | D:4      | Killed a black bear
  2484 | D:4      | Gained mutation: When seriously injured, your blood forms
                  | very thick armour. (AC +12) [demonic ancestry]
  2484 | D:4      | Reached XP level 6. HP: 22/46 MP: 6/6
  2728 | D:4      | Identified the +0 barding of Dishonesty {rPois Int+2}
  3250 | D:3      | Reached skill level 5 in Polearms
  4558 | D:5      | Entered Level 5 of the Dungeon
  4572 | D:5      | Reached XP level 7. HP: 48/52 MP: 7/7
  4852 | D:5      | Reached skill level 6 in Polearms
  5049 | D:5      | Found a staircase to the Ecumenical Temple.
  5058 | Temple   | Entered the Ecumenical Temple
  5078 | D:5      | Gained mutation: Spells you cast may paralyse adjacent
                  | enemies. [demonic ancestry]
  5078 | D:5      | Reached XP level 8. HP: 60/60 MP: 8/8
  5794 | D:6      | Found Ziepug's Weapon Shop.
  5864 | D:6      | Reached skill level 7 in Polearms
  6138 | D:6      | Found Keysoest's Magic Scroll Emporium.
  6138 | D:6      | Found Maje's Jewellery Shoppe.
  6305 | D:6      | Found a runed translucent door.
  6306 | D:6      | Noticed Crazy Yiuf
  6317 | D:6      | Killed Crazy Yiuf
  6557 | D:6      | Found Eham's Jewellery Shop.
  6713 | D:6      | Found Cumpor's General Store.
  6716 | D:6      | Bought a scroll of brand weapon for 104 gold pieces
  6747 | D:6      | Found a large runed translucent door.
  6748 | D:6      | Found a large runed translucent door.
  6757 | D:6      | Found a hide-covered altar of Uskayaw.
  6767 | D:6      | Reached skill level 5 in Dodging
  6773 | D:6      | Found a hazy altar of Hepliaklqana.
  7263 | D:7      | Reached skill level 8 in Polearms
  7263 | D:7      | Reached XP level 9. HP: 64/66 MP: 9/9
  7495 | D:7      | Reached skill level 1 in Evocations
  7836 | D:8      | Noticed a two-headed ogre
  7855 | D:8      | Killed a two-headed ogre
  7856 | D:8      | Reached skill level 5 in Fighting
  7856 | D:8      | Reached skill level 5 in Armour
  8124 | D:8      | Found a runed translucent gate.
  8125 | D:8      | Noticed jonaskbp's ghost (novice DjSu)
  8133 | D:8      | Found a runed translucent gate.
  8134 | D:8      | Found a runed translucent gate.
  8245 | D:8      | Reached skill level 9 in Polearms
  8537 | D:8      | Noticed a two-headed ogre
  8564 | D:8      | Killed a two-headed ogre
  8706 | D:8      | Noticed a kobold demonologist
  8887 | D:9      | Found an iron altar of Okawaru.
  8894 | D:9      | Gained mutation: Your touch may inflict minor irresistible
                  | damage on your foes. [demonic ancestry]
  8894 | D:9      | Reached XP level 10. HP: 73/76 MP: 10/10
  8959 | D:9      | Noticed a two-headed ogre
  8968 | D:9      | Killed a two-headed ogre
  9075 | D:9      | Found a flagged portal.
  9239 | Bailey   | Entered a bailey
  9348 | Bailey   | Reached skill level 10 in Polearms
  9398 | Bailey   | Identified the +2 pair of boots "Jiaju" {rF+ rC+ Int+4
                  | SInv}
 10218 | D:9      | Found a shimmering altar of Xom.
 10227 | D:9      | Found a blossoming altar of Fedhas.
 10406 | D:10     | Entered Level 10 of the Dungeon
 10408 | D:10     | Found a runed translucent door.
 10409 | D:10     | Found a shimmering altar of Xom.
 10409 | D:10     | Noticed a +2 trident of chaos
 10409 | D:10     | Noticed kalagan's ghost (novice DECj)
 10458 | D:10     | Noticed Maggie
 10475 | D:10     | Killed Maggie
 10476 | D:10     | Found a staircase to the Lair.
 10503 | Lair:1   | Entered Level 1 of the Lair of Beasts
 10559 | Lair:1   | Noticed a four-headed hydra
 10582 | Lair:1   | Killed a one-headed hydra
 10583 | Lair:1   | Reached skill level 11 in Polearms
 10583 | Lair:1   | Gained mutation: Your touch may inflict irresistible damage
                  | on your foes. [demonic ancestry]
 10583 | Lair:1   | Reached XP level 11. HP: 9/84 MP: 11/11
 10585 | Lair:1   | HP: 3/84 [wyvern (6)]
 10957 | Lair:1   | Gained mutation: You have sharp toenails. [potion of
                  | mutation]
 10957 | Lair:1   | Gained mutation: You have a pair of small horns on your
                  | head. [potion of mutation]
 10957 | Lair:1   | Gained mutation: You have a pair of horns on your head.
                  | [potion of mutation]
 10957 | Lair:1   | Gained mutation: Your flesh is cold resistant. (rC+)
                  | [potion of mutation]
 11058 | Lair:1   | Noticed a seven-headed hydra
 11068 | Lair:1   | Killed a two-headed hydra
 11702 | Lair:2   | Found a staircase to the Swamp.
 12069 | Lair:2   | Reached skill level 12 in Polearms
 12575 | Lair:3   | Noticed a five-headed hydra
 12575 | Lair:3   | Noticed a death yak
 12575 | Lair:3   | Noticed a death yak
 12576 | Lair:3   | Noticed a death yak
 12869 | Lair:3   | Noticed a death yak
 12870 | Lair:3   | Noticed a death yak
 12871 | Lair:3   | Noticed a death yak
 12880 | Lair:3   | Killed a death yak
 12888 | Lair:3   | Killed a death yak
 12889 | Lair:3   | Reached XP level 12. HP: 88/93 MP: 12/12
 12895 | Lair:3   | Killed a death yak
 13088 | Lair:3   | Noticed a boulder beetle
 13120 | Lair:3   | Killed a boulder beetle
 13463 | Lair:3   | Found a hole to the Spider Nest.
 13521 | Lair:3   | Killed a two-headed hydra
 13561 | Lair:3   | Noticed a catoblepas
 13568 | Lair:3   | Killed a catoblepas
 13738 | Lair:3   | Noticed a death yak
 13740 | Lair:3   | Noticed a death yak
 13747 | Lair:3   | Killed a death yak
 13748 | Lair:3   | Reached skill level 13 in Polearms
 13748 | Lair:3   | Reached skill level 10 in Armour
 13752 | Lair:3   | Killed a death yak
 13761 | Lair:3   | Killed a death yak
 13768 | Lair:3   | Killed a death yak
 13777 | Lair:3   | Killed a death yak
 14452 | Lair:4   | Noticed a five-headed hydra
 14460 | Lair:4   | Killed a one-headed hydra
 14563 | Lair:4   | Noticed a death yak
 14570 | Lair:4   | Noticed a death yak
 14570 | Lair:4   | Noticed a death yak
 14574 | Lair:4   | Noticed a death yak
 14578 | Lair:4   | Killed a death yak
 14580 | Lair:4   | Noticed a death yak
 14582 | Lair:4   | Killed a death yak
 14588 | Lair:4   | Killed a death yak
 14595 | Lair:4   | Killed a death yak
 14596 | Lair:4   | Gained mutation: Your touch may irresistibly damage your
                  | foes and sap their willpower. [demonic ancestry]
 14596 | Lair:4   | Reached XP level 13. HP: 63/102 MP: 13/13
 14634 | Lair:4   | Noticed Odimp's ghost (journeyman KoWn)
 14751 | Lair:4   | Found a gate leading to a gauntlet.
 14760 | Gauntlet | Entered a Gauntlet
 14760 | Gauntlet | Found a transporter.
 14760 | Gauntlet | Found a transporter.
 14762 | Gauntlet | Found a transporter.
 14763 | Gauntlet | Found a transporter.
 14764 | Gauntlet | Found the +9 sword of Zonguldrok {reap}
 14766 | Gauntlet | Found a transporter.
 14766 | Gauntlet | Found a transporter.
 14798 | Gauntlet | Found a transporter.
 14802 | Gauntlet | Found a transporter.
 14815 | Gauntlet | Found a transporter.
 14828 | Gauntlet | Found a transporter.
 14845 | Gauntlet | Found a transporter.
 14846 | Gauntlet | Found a transporter.
 14960 | Gauntlet | Reached skill level 14 in Polearms
 14964 | Gauntlet | Reached skill level 10 in Fighting
 15191 | Gauntlet | Identified the +6 dagger of the Endless March {pain, rElec
                  | rCorr}
 15191 | Gauntlet | Noticed a minotaur
 15205 | Gauntlet | Killed a minotaur
 15213 | Gauntlet | Identified the +5 great sword "Teituk" {vorpal, rCorr}
 15475 | Lair:4   | Noticed Kirke
 15487 | Lair:4   | Killed Kirke
 15592 | Lair:4   | Found a transporter.
 15900 | Lair:4   | Found a transporter.
 16094 | Lair:5   | Entered Level 5 of the Lair of Beasts
 16126 | Lair:5   | Identified 2 scrolls of acquirement
 16126 | Lair:5   | Acquired the +13 crystal plate armour "Obytedeo" {+Inv
                  | Int+4 Dex-4}
 16837 | Lair:5   | Gained mutation: Your presence sometimes corrodes those you
                  | injure. [demonic ancestry]
 16837 | Lair:5   | Reached XP level 14. HP: 99/111 MP: 14/14
 16838 | Lair:5   | m
 16958 | Lair:5   | Found a viscous altar of Jiyva.
 16959 | Lair:5   | Found a staircase to the Slime Pits.
 16966 | Lair:5   | Became a worshipper of Jiyva Jontimp the Shapeless
 16967 | Lair:5   | Lost mutation: You have sharp toenails. [potion of
                  | mutation]
 16967 | Lair:5   | Lost mutation: You have a pair of horns on your head.
                  | [potion of mutation]
 16967 | Lair:5   | Lost mutation: Your flesh is cold resistant. (rC+) [potion
                  | of mutation]
 16967 | Lair:5   | Gained mutation: You are robust. (+10% HP) [potion of
                  | mutation]
 16967 | Lair:5   | Gained mutation: Your body sometimes deteriorates upon
                  | taking damage. [potion of mutation]
 16967 | Lair:5   | Gained mutation: You have hidden genetic potential. [potion
                  | of mutation]
 16968 | Lair:5   | Lost mutation: You have a pair of small horns on your head.
                  | [potion of mutation]
 16968 | Lair:5   | Lost mutation: You have hidden genetic potential. [potion
                  | of mutation]
 16968 | Lair:5   | Lost mutation: Your body sometimes deteriorates upon taking
                  | damage. [potion of mutation]
 16968 | Lair:5   | Gained mutation: You occasionally lose the ability to drink
                  | potions when taking damage. [potion of mutation]
 16968 | Lair:5   | Gained mutation: You occasionally shout uncontrollably at
                  | your foes. [potion of mutation]
 16969 | Lair:5   | Lost mutation: You occasionally shout uncontrollably at
                  | your foes. [potion of mutation]
 16969 | Lair:5   | Lost mutation: You occasionally lose the ability to drink
                  | potions when taking damage. [potion of mutation]
 16969 | Lair:5   | Gained mutation: You are weak. (Str -2) [potion of
                  | mutation]
 17305 | Lair:5   | Reached skill level 15 in Polearms
 17887 | D:10     | Reached * piety under Jiyva
 18253 | D:10     | Found Sotiut's General Store.
 18357 | D:10     | Killed kalagan's ghost
 18473 | D:11     | Reached ** piety under Jiyva
 18501 | D:11     | Noticed Lodul
 18527 | D:11     | Killed Lodul
 18586 | D:11     | Found a staircase to the Orcish Mines.
 18815 | D:11     | Acquired 728 gold pieces
 19070 | D:11     | Reached *** piety under Jiyva
 19306 | Orc:1    | Entered Level 1 of the Orcish Mines
 19485 | Orc:1    | Found a dark tunnel.
 19501 | Volcano  | Entered a volcano
 19822 | Volcano  | Found a burning altar of Makhleb.
 19872 | Volcano  | Found the +6 lightning scales {swift, rElec}
 20085 | Orc:1    | Gained mutation: You have a pair of small horns on your
                  | head. [Jiyva's grace]
 20085 | Orc:1    | Gained mutation: You have a pair of horns on your head.
                  | [Jiyva's grace]
 20085 | Orc:1    | Gained mutation: You have a pair of large horns on your
                  | head. [Jiyva's grace]
 20085 | Orc:1    | Gained mutation: You possess an exceptional clarity of
                  | mind. [Jiyva's grace]
 20422 | Orc:2    | Entered Level 2 of the Orcish Mines
 20422 | Orc:2    | Found Zounu's Antique Armour Shoppe.
 20572 | Orc:2    | Reached **** piety under Jiyva
 20582 | Orc:2    | Found Byfiodod's Antique Weapon Shoppe.
 20716 | Orc:2    | Noticed an orc warlord
 20735 | Orc:2    | Killed an orc warlord
 20742 | Orc:2    | Noticed Urug
 20743 | Orc:2    | Found Ariggi's General Store.
 20762 | Orc:2    | Killed Urug
 20763 | Orc:2    | Reached XP level 15. HP: 42/134 MP: 15/15
 20777 | Orc:2    | Found Sapimmamp's Book Shoppe.
 20864 | Orc:2    | Found Siunn's Antique Armour Boutique.
 20871 | Orc:2    | Paralysed by an orc sorcerer for 5 turns
 20884 | Orc:2    | Paralysed by an orc sorcerer for 4 turns
 21094 | Orc:2    | Noticed an orc warlord
 21109 | Orc:2    | Killed an orc warlord
 21244 | Orc:2    | Found a staircase to the Elven Halls.
 21626 | D:12     | Reached ***** piety under Jiyva
 21874 | D:12     | Found a viscous altar of Jiyva.
 21914 | D:12     | Lost mutation: You possess an exceptional clarity of mind.
                  | [Jiyva's grace]
 21914 | D:12     | Gained mutation: Your melee attacks may engulf your foes in
                  | ooze. [Jiyva's grace]
 21914 | D:12     | Gained mutation: You have large cloven feet. [Jiyva's
                  | grace]
 21914 | D:12     | Gained mutation: You have hoof-like feet. [Jiyva's grace]
 21914 | D:12     | Gained mutation: You have hooves in place of feet. [Jiyva's
                  | grace]
 22385 | D:13     | Noticed Maurice
 22392 | D:13     | Killed Maurice
 22862 | D:14     | Found a broken altar of Ashenzari.
 23017 | D:14     | Noticed Rupert
 23034 | D:14     | Killed Rupert
 23143 | D:14     | Found an ancient bone altar of Kikubaaqudgha.
 23300 | D:14     | Found a gate to the Vaults.
 23532 | D:15     | Entered Level 15 of the Dungeon
 23532 | D:15     | Lost mutation: Your melee attacks may engulf your foes in
                  | ooze. [Jiyva's grace]
 23532 | D:15     | Gained mutation: Your rubbery body absorbs attacks. (AC +1,
                  | EV +1) [Jiyva's grace]
 23532 | D:15     | Gained mutation: Your pliable body absorbs attacks. (AC +2,
                  | EV +2) [Jiyva's grace]
 23532 | D:15     | Gained mutation: Your gelatinous body deflects attacks. (AC
                  | +3, EV +3) [Jiyva's grace]
 23532 | D:15     | Gained mutation: You are covered in slimy tendrils that may
                  | disarm your opponents. [Jiyva's grace]
 23586 | D:15     | Reached skill level 16 in Polearms
 23590 | D:15     | Reached skill level 10 in Dodging
 23732 | D:15     | Found a staircase to the Depths.
 23733 | D:15     | Reached ****** piety under Jiyva
 23760 | Depths:1 | Entered Level 1 of the Depths
 23810 | Depths:1 | Noticed a tengu reaver
 23830 | Depths:1 | Noticed a fire giant
 23838 | Depths:1 | Killed a fire giant
 23848 | Depths:1 | Noticed a frost giant
 23854 | Depths:1 | Paralysed by something for 5 turns
 23857 | Depths:1 | HP: 3/137 [something (18)]
 23857 | Depths:1 | Killed from afar by a deep elf annihilator

Illustrated notes

.........##.#..#..#............P.
P..###...####?#####....#.###..P..
.### #..## #..# ##....## ..÷...
.## #..# #..# #...## ###... #.#
##.. #..# ##.## ##.. .## ..P
#..## .# . ##. #.# ##.P## #...#
## .... #. #.#
...##.##..###.#P...# ##
..........?....°@......#
...............Y#####..#
###.............# ............##
............# ..........#
..........# ..........#
.........##


Turn 16838 on Lair:5: m

Levels and vault maps discovered:
D:1:      matt_arrival_spirals, layout_basic, grunt_decor_resistance
D:2:      layout_loops_cross, minmay_tromino_v4_b
D:3:      layout_basic, dk_noncrumbling_3
D:4:      layout_basic, uniq_robin
D:5:      layout_gridville, elyvilon_altar_5,
          minmay_temple_entry_statues_fountains
D:6:      layout_rooms, jmf_multi_god_temple2, serial_shops,
          nicolae_stop_n_shop_1, shop, shop_fountains, shop_scrolls,
          kennysheep_mini_moat, minmay_gold_behind_fungi, hex_tiny,
          uniq_crazy_yiuf_cottage
D:7:      layout_rooms
D:8:      layout_cave_pools, gammafunk_ghost_nasty_kobolds
D:9:      layout_grid_maze, okawaru_humans, gammafunk_temple_overflow_forgotten,
          enter_bailey_7, dreamdust_gnoll_shepherd
D:10:     layout_basic, lair_entry_dummy, ebering_ghost_xom, serial_shops,
          nicolae_shop_hallway_plus, chequers_jeans, uniq_maggie
D:11:     layout_stronghold, minmay_orc_entry_guard_dogs, serial_rivers,
          chequers_serial_rivers_small_a, chequers_serial_rivers_small_3,
          chequers_serial_rivers_large_a, chequers_serial_rivers_small_b,
          uniq_lodul
D:12:     layout_gridville, minmay_misc_feat_tiny, jiyva_altar_1
D:13:     layout_basic, uniq_maurice
D:14:     layout_basic, skrybe_vaults_entry_preservation, ashenzari_altar_1,
          minivault_14, kiku_gazebo_pond_becter, uniq_rupert
D:15:     hangedman_depths_entry_try_elsewhere_first, layout_basic,
          serial_bayou_pond_a
Temple:   nicolae_temple_no_exploring_needed
Lair:1:   layout_loops_ring, minivault_23
Lair:2:   layout_regular_city, swamp_mist_pool
Lair:3:   layout_regular_city, nicolae_spider_entry_non_spiders
Lair:4:   layout_roguey, gauntlet_entry_generic, nzn_ghost_randoct,
          chequers_serial_rivers_marsh, hangedman_lair_unloving_vines,
          grunt_megastairs_5, infiniplex_staircase_pool_2, uniq_kirke
Lair:5:   grunt_lair_end_beastmaster, layout_small_grid, slime_entry_1
Orc:1:    layout_caves, enter_volcano_3
Orc:2:    grunt_orc_gardens, layout_caves, grunt_orc_garden, grunt_orc_garden,
          grunt_orc_garden, grunt_orc_garden, serial_shops, nicolae_shop_trees,
          uniq_urug
Depths:1: layout_cave_shapes, lightli_too_deep,
          nicolae_trove_entry_path_of_doom, grunt_pan_entry_spiral,
          hangedman_decor_points, special_room [special_room_magic_class],
          minmay_misc_feat_room, beargit_elvish_explorers

Skill      XL: |  1  2  3  4  5  6  7  8  9 10 11 12 13 14 15 |
---------------+----------------------------------------------+-----
Polearms       | 3 4 5 6 8 9 11 12 13 14 15 16 | 16.2
Dodging        | 3 4 5 6 7 8 9 10 | 10.2
Armour         | 1 2 3 4 5 7 9 10 11 13 14 | 14.3
Fighting       | 3 4 5 7 8 9 10 12 13 | 13.8
Evocations     | 1 |  1.6
Throwing       | |  1.7
Stealth        | |  0.4

Action                   |  1- 3 |  4- 6 |  7- 9 | 10-12 | 13-15 || total
-------------------------+-------+-------+-------+-------+-------++-------
Melee: Trident           |   124 |   184 |   369 |   496 |  1221 ||  2394
       Punch             |       |     2 |     3 |    14 |    15 ||    34
       Touch             |       |       |       |   119 |   289 ||   408
       Halberd           |       |       |       |    22 |     5 ||    27
       Headbutt          |       |       |       |    95 |   213 ||   308
       Kick              |       |       |       |       |   103 ||   103
Throw: Dart              |       |     2 |     7 |     6 |     5 ||    20
       Throwing net      |       |     1 |       |       |       ||     1
Invok: Slimify           |       |       |       |       |     1 ||     1
Evoke: Wand              |       |     1 |     8 |       |     1 ||    10
       Condenser vane    |       |       |       |       |     3 ||     3
  Use: Potion            |     1 |       |     1 |    10 |    12 ||    24
       Scroll            |       |       |     1 |     1 |    18 ||    20
 Stab: Sleeping          |     3 |     3 |     1 |       |       ||     7
       Held in net/web   |       |     1 |       |       |       ||     1
       Invisible         |       |       |       |     1 |       ||     1
       Petrified         |       |       |       |       |    15 ||    15
Armor: Leather armour    |    49 |    74 |    31 |       |       ||   154
       Chain mail        |       |       |    67 |       |       ||    67
       Plate armour      |       |       |   107 |   331 |    99 ||   537
       Crystal plate arm |       |       |       |       |   804 ||   804
Dodge: Dodged            |    84 |   115 |   178 |   215 |   393 ||   985
       Repelled          |       |       |       |       |     8 ||     8
Block: Other             |    15 |    49 |    86 |   106 |   211 ||   467
       Reflection        |       |       |     5 |       |     8 ||    13
